 Dungeon Crawl Stone Soup version 0.26-a0-34-g9e0bf03589 (webtiles) character file.

Game seed: 6973189018013225432, levelgen mode: deterministic

315 Anathary the Covert (level 6, -10/39 HPs)
             Began as an Octopode Assassin on May 29, 2020.
             Was a Follower of Dithmenos.
             Mangled by an ogre
             ... wielding a cursed -1 giant spiked club
              (18 damage)
             ... on level 4 of the Dungeon.
             The game lasted 00:14:55 (3920 turns).

Anathary the Covert (Octopode Assassin)             Turns: 3920, Time: 00:14:55

Health: -10/39     AC:  1    Str: 10    XL:     6   Next: 44%
Magic:  15/15      EV: 13    Int: 13    God:    Dithmenos [*.....]
Gold:   157        SH:  0    Dex: 16    Spells: 5/5 levels left

rFire    . . .     SeeInvis .   l - +4 dagger
rCold    . . .     Gourm    .   (no shield)
rNeg     + . .     Faith    .   (helmet restricted)
rPois    .         Spirit   .   t - amulet of regeneration
rElec    .         Reflect  .   m - ring of magical power
rCorr    .         Harm     .   x - ring of positive energy
MR       .....                  (no ring)
Stlth    ++++++....             (no ring)
HPRegen  0.53/turn              (no ring)
MPRegen  0.14/turn              (no ring)
                                (no ring)
                                (no ring)

@: wreathed by umbra
A: almost no armour, stealthy swim, amphibious, 8 rings, constrict 8, camouflage
1, gelatinous body 1
a: Renounce Religion


You were on level 4 of the Dungeon.
You worshipped Dithmenos.
Dithmenos was aware of your devotion.
You were not hungry.

You visited 1 branch of the dungeon, and saw 4 of its levels.

You collected 157 gold pieces.

Inventory:

Hand Weapons
 a - a +2 dagger
 l - a +4 dagger (weapon)
Missiles
 b - 8 poisoned darts (quivered)
 c - 2 curare-tipped darts
Jewellery
 m - a ring of magical power (left tentacle)
 t - an amulet of regeneration (around mantle)
 x - a ring of positive energy (right tentacle)
Scrolls
 f - 5 scrolls of remove curse
 n - a scroll of immolation
 o - a scroll of teleportation
 r - a scroll of identify
 v - 2 scrolls of fear {unknown}
Potions
 e - a potion of lignification
 g - a potion of invisibility {unknown}
 h - 5 potions of heal wounds {unknown}
 j - a potion of flight {unknown}
 k - 2 potions of magic {unknown}
 s - 2 potions of mutation {unknown}
 w - a potion of brilliance {unknown}
 A - a potion of curing
Comestibles
 d - 3 rations


   Skills:
 - Level 2.0 Fighting
 + Level 3.7 Short Blades
 - Level 2.0 Throwing
 - Level 1.0 Dodging
 + Level 9.4 Stealth


You had 5 spell levels left.
You didn't know any spells.
Your spell library was empty.

Dungeon Overview and Level Annotations

Branches:
Dungeon (4/15)
 Temple: D:4-7

Altars:
Ashenzari
Dithmenos
Makhleb
Nemelex Xobeh
Okawaru
The Shining One


Innate Abilities, Weirdness & Mutations

You cannot wear most types of armour.
You are very stealthy in the water. (Stealth+)
You are amphibious.
You can wear up to eight rings at the same time.
You can use your tentacles to constrict eight enemies at once.
Your skin changes colour to match your surroundings (Stealth+).
Your rubbery body absorbs attacks. (AC +1, EV +1)


Message History

Dithmenos accepts your kill.
You see here an adder corpse.
An ogre comes into view. It is wielding a -1 giant spiked club.
The ogre shouts!
An ogre is nearby!
A worm comes into view.
The ogre hits you with a cursed -1 giant spiked club!
You hit the ogre.
The ogre is lightly wounded.
You barely miss the ogre.
The ogre is lightly wounded.
The ogre hits you with a cursed -1 giant spiked club!!
Ouch! That really hurt!
* * * LOW HITPOINT WARNING * * *
You hit the ogre.
The ogre is lightly wounded.
You barely miss the ogre.
The ogre is lightly wounded.
The ogre hits you with a cursed -1 giant spiked club!!
You die...

***** *,,,** ,,*,,*******###
,***,,,,,,,,..#
,,*,,*****,*#.# *####********
*,,,** *,*#.# *...,,,,,,,,*
*#,** #,*#.###.######***,*
*#.* #.##...........,**,*
##.#### #......@O....#,,,*,*
##....#######.##.####.w.,,,,**
###.....# #†##.## *,,,,,,,,*
......#.#####.#..†##**,,,,,,,*
.#.................##**,,,*,,*
......#.#####.......# **,**,,*
........# ##.....## *,**,,*
))....### #....## *,**,,*
......# #.#.## *,,*,,**


You could see an ogre and a worm.

Vanquished Creatures
  A hound (D:3)
  Crazy Yiuf (D:3)
  2 orc priests (D:4)
  Jessica (D:2)
  Ijyb (D:3)
  7 adders
  An ooze (D:3)
  A worm (D:2)
  2 dart slugs
  3 leopard geckos
  5 orcs
  2 ball pythons
  A giant cockroach (D:1)
  9 goblins
  6 hobgoblins
  6 jackals
  5 kobolds
  4 quokkas
  4 bats
  7 rats
69 creatures vanquished.

Notes
Turn   | Place    | Note
-------+----------+-------------------------------------------
     0 | D:1      | Anathary the Octopode Assassin began the quest for the Orb.
     0 | D:1      | Reached XP level 1. HP: 14/14 MP: 1/1
   118 | D:1      | Reached XP level 2. HP: 17/19 MP: 2/2
   187 | D:1      | Reached skill level 6 in Stealth
   732 | D:1      | Reached XP level 3. HP: 17/24 MP: 3/3
  1024 | D:2      | Noticed Jessica
  1031 | D:2      | Killed Jessica
  1031 | D:2      | Reached skill level 7 in Stealth
  1032 | D:2      | Found a shadowy altar of Dithmenos.
  1039 | D:2      | Became a worshipper of Dithmenos the Shadowed
  1067 | D:2      | Reached XP level 4. HP: 14/29 MP: 4/4
  1369 | D:2      | Found a shattered altar of Ashenzari.
  1369 | D:2      | Found a glowing golden altar of the Shining One.
  1373 | D:2      | Found an iron altar of Okawaru.
  1373 | D:2      | Found a sparkling altar of Nemelex Xobeh.
  2048 | D:3      | Noticed Ijyb
  2097 | D:3      | Killed Ijyb
  2097 | D:3      | Reached skill level 8 in Stealth
  2097 | D:3      | Reached XP level 5. HP: 23/34 MP: 5/5
  2449 | D:3      | Reached * piety under Dithmenos
  3075 | D:3      | Found a runed translucent door.
  3076 | D:3      | Noticed Crazy Yiuf
  3086 | D:3      | Killed Crazy Yiuf
  3383 | D:3      | Reached skill level 9 in Stealth
  3383 | D:3      | Reached XP level 6. HP: 39/39 MP: 6/6
  3395 | D:3      | Found a burning altar of Makhleb.
  3920 | D:4      | Mangled by an ogre

Illustrated notes

Levels and vault maps discovered:
D:1:      heliophobic_arrival_battle_scene, layout_loops_ring,
          minmay_fountain_box
D:2:      layout_basic, grunt_dithmenos_smoke, grunt_temple_overflow_open,
          uniq_jessica
D:3:      layout_loops_ring, nicolae_overflow_hidden_temple,
          chequers_serial_rivers_micro_d, uniq_ijyb, uniq_crazy_yiuf_cottage
D:4:      layout_loops_ring, minmay_misc_feat_square, uniq_natasha

Skill      XL: |  1  2  3  4  5 |
---------------+----------------+-----
Stealth        | 6 7 8 9 |  9.4
Short Blades   | 3 |  3.7
Fighting       | |  2.0
Throwing       | |  2.0
Dodging        | |  1.0

Action                   |  1- 3 |  4- 6 || total
-------------------------+-------+-------++-------
Melee: Dagger            |    33 |   133 ||   166
       Constrict         |     6 |    25 ||    31
       Tentacles         |     5 |    12 ||    17
  Use: Potion            |       |     3 ||     3
       Scroll            |       |    10 ||    10
 Stab: Sleeping          |    11 |    11 ||    22
  Eat: Chunk             |       |     7 ||     7
       Ration            |       |     1 ||     1
Armor: Skin              |       |    30 ||    30
Dodge: Dodged            |     9 |    49 ||    58

Table legend:
 A = Non-vault XP
 B = Vault XP
 C = Vault XP percentage of total XP
 D = Non-vault monster count
 E = Vault monster count
 F = Vault count percentage of total count
                 A         B        C        D         E       F
            +---------+---------+-------+---------+---------+-------
      Total |     336 |     115 |  25.5 |      66 |       3 |   4.3
            +---------+---------+-------+---------+---------+-------
        D:1 |      36 |       0 |   0.0 |      20 |       0 |   0.0
        D:2 |      53 |      37 |  41.1 |      14 |       1 |   6.7
        D:3 |     127 |      78 |  38.0 |      24 |       2 |   7.7
        D:4 |     120 |       0 |   0.0 |       8 |       0 |   0.0
            +---------+---------+-------+---------+---------+-------
